 Dungeon Crawl Stone Soup version 0.28-a0-723-g095bd1b44f (webtiles) character file.

Game seed: 423217327660292792

9823 blank1 the Cleaver (level 11, -4/104 HPs)
             Began as a Hill Orc Fighter on Oct 26, 2021.
             Was an Elder of Kikubaaqudgha.
             Slain by an orc knight (25 damage)
             ... on level 11 of the Dungeon.
             The game lasted 00:25:21 (9272 turns).

blank1 the Cleaver (Hill Orc Fighter)               Turns: 9272, Time: 00:25:22

Health: -4/104     AC: 17    Str: 22    XL:     11   Next: 52%
Magic:  14/14      EV:  9    Int:  8    God:    Kikubaaqudgha [****..]
Gold:   955        SH:  5    Dex: 11    Spells: 10/14 levels left

rFire   . . .      SeeInvis .   w - +1 broad axe (freeze)
rCold   . . .      Faith    .   c - +0 buckler
rNeg    + . .      Spirit   .   m - +0 chain mail
rPois   .          Reflect  .   (no helmet)
rElec   .          Harm     .   q - +0 cloak
rCorr   .          Rampage  .   (no gloves)
Will    .....                   y - +0 pair of boots
Stlth   ..........              e - amulet of regeneration
HPRegen 1.27/turn               h - ring of positive energy
MPRegen 0.14/turn               r - +4 ring of protection

@: no status effects
A: no striking features
a: Renounce Religion, Receive Corpses


You were on level 11 of the Dungeon.
You worshipped Kikubaaqudgha.
Kikubaaqudgha was greatly pleased with you.
You visited 1 branch of the dungeon, and saw 11 of its levels.
You also visited: Ossuary.

You collected 955 gold pieces.

Inventory:

Hand Weapons
 o - a +0 whip of flaming
 w - a +1 broad axe of freezing (weapon)
Missiles
 d - 4 throwing nets (quivered)
Armour
 c - a +0 buckler (worn)
 m - a +0 chain mail (worn)
 q - a +0 cloak (worn)
 y - a +0 pair of boots (worn)
Jewellery
 e - an amulet of regeneration (around neck)
 h - a ring of positive energy (left hand)
 k - a ring of willpower
 r - a +4 ring of protection (right hand)
 z - a ring of resist corrosion
Wands
 p - a wand of flame (14)
 x - a wand of paralysis (7)
Scrolls
 b - 4 scrolls of blinking
 g - 8 scrolls of teleportation
 j - a scroll of fear
 l - a scroll of fog
 s - a scroll of vulnerability {unknown}
 v - a scroll of torment
Potions
 a - a potion of haste
 f - a potion of invisibility
 i - 4 potions of flight
 n - 5 potions of brilliance
 t - a potion of resistance
 u - a potion of heal wounds


   Skills:
 + Level 12.1 Fighting
 - Level 13.0 Axes
 + Level 8.2 Armour
 - Level 5.0 Dodging
 - Level 5.0 Shields
 - Level 2.0 Spellcasting
 - Level 4.0 Necromancy
 - Level 2.0 Evocations


You had 10 spell levels left.
You knew the following spells:

 Your Spells              Type           Power      Damage    Failure   Level
a - Animate Skeleton      Necr           14%        N/A       41%         1
b - Vampiric Draining     Necr           3%         2d6       80%         3

Your spell library contained the following spells:

 Spells                   Type           Power      Damage    Failure   Level
 Pain                     Necr           28%        1d5       41%         1
 Sublimation of Blood     Necr           3%         N/A       56%         2
 Corpse Rot               Necr/Air       8%         N/A       83%         2
 Apportation              Tloc           0%         N/A       93%         1
 Beastly Appendage        Tmut           0%         N/A       93%         1
 Magic Dart               Conj           0%         1d3       93%         1
 Sting                    Tmut/Pois      0%         1d3       93%         1
 Summon Small Mammal      Summ           0%         N/A       93%         1
 Call Imp                 Summ           0%         N/A       98%         2
 Poisonous Vapours        Pois/Air       0%         N/A       98%         2
 Scorch                   Fire           0%         2d5       98%         2
 Searing Ray              Conj           0%         2d4       98%         2
 Wereblood                Tmut           0%         N/A       98%         2
 Dispel Undead            Necr           7%         3d8       99%         4
 Mephitic Cloud           Conj/Pois/Air  0%         N/A       100%        3
 Spider Form              Tmut/Pois      0%         N/A       100%        3
 Flame Wave               Conj/Fire      0%         3d3       100%        4
 Fulminant Prism          Conj/Hex       0%         3d6       100%        4
 Olgreb's Toxic Radiance  Pois           0%         N/A       100%        4
 Summon Ice Beast         Ice/Summ       0%         N/A       100%        4
 Agony                    Necr           7%         N/A       100%        5
 Alistair's Intoxication  Tmut/Pois      0%         N/A       100%        5
 Borgnjor's Vile Clutch   Necr/Erth      2%         N/A       100%        5
 Summon Mana Viper        Hex/Summ       0%         N/A       100%        5
 Death Channel            Necr           3%         N/A       100%        6
 Invisibility             Hex            0%         N/A       100%        6
 Simulacrum               Ice/Necr       2%         N/A       100%        6
 Summon Cactus Giant      Summ           0%         N/A       100%        6
 Monstrous Menagerie      Summ           0%         N/A       100%        7


Dungeon Overview and Level Annotations

Branches:
Dungeon (11/15)            Temple (0/1) D:5            Lair (0/6) D:11
    Orc (0/2) D:11        Ossuary (visited)

Altars:
Fedhas
Kikubaaqudgha

Shops:
D:9 !


Message History

The orc knight is heavily wounded.
You block the orc knight's attack.
You hit the orc knight but do no damage.
The orc knight is heavily wounded.
The orc knight hits you with a +0 long sword!!
You hear a bellow!
Your chain mail prevents you from hitting the orc knight.
The orc knight is heavily wounded.
A yak comes into view.
The orc knight hits you with a +0 long sword!!
* * * LOW HITPOINT WARNING * * *
You closely miss the orc knight.
The orc knight is heavily wounded.
A yak comes into view.
The orc knight hits you but does no damage.
Unknown command.
You completely miss the orc knight.
The orc knight is heavily wounded.
The yak bellows!
The orc knight hits you but does no damage.
A yak comes into view.
You slash the orc knight! You freeze the orc knight.
The orc knight is heavily wounded.
You hit the orc knight but do no damage.
The orc knight is heavily wounded.
You block the orc knight's attack.
Unknown command.
You hit the orc knight but do no damage.
The orc knight is heavily wounded.
The orc knight hits you with a +0 long sword.
* * * LOW HITPOINT WARNING * * *
You hit the orc knight. You freeze the orc knight.
The orc knight is severely wounded.
The orc knight hits you with a +0 long sword!
* * * LOW HITPOINT WARNING * * *
You closely miss the orc knight.
The orc knight is severely wounded.
The orc knight hits you with a +0 long sword!!
You die...
Kikubaaqudgha rasps: "You have failed me!
Welcome... death!"

.........#................
.....###.#.#.#####..####.
.....###.#.#.# #..#
.............### #[.#
#.######.......# #..# #.#
###.###.# #..# #.# #.# #.# #YY#
. #+## #.###.###YY##.## ...##
#......@oYo...... ....##
#####.########.### .....##
##.##.# #.#.##
......####...#.########....####
......'.......................+
.>....####....#.#######....###
.....## ##.#...# #.#.## ....##
#.....# #.# # [.)## #.##### #.#


You could see an orc knight, 4 yaks and an orc (strong).

Vanquished Creatures
  A fire dragon (D:10)
  Harold (D:10)
  A death knight (D:11)
  Pikel (D:5)
  Joseph (D:8)
  Maggie (D:6)
  Psyche (D:8)
  Grinder (D:5)
  Prince Ribbit (D:7)
  A vampire (D:10)
  13 yaks
  A vampire mosquito (D:11)
  Menkaure (D:4)
  2 acid dragons (D:11)
  A water moccasin (D:6)
  An orc warrior (D:11)
  A hornet zombie (D:8)
  An ice beast (D:8)
  A sky beast (D:6)
  3 ogres
  A phantom (D:4)
  2 lemures (D:5)
  6 centaurs
  An elf zombie (Ossuary)
  2 kobold brigands
  A scorpion (D:5)
  5 bullfrogs
  A gnoll sergeant (D:9)
  A water moccasin skeleton (D:5)
  6 killer bees (D:9)
  3 wights (D:9)
  An electric eel (D:10)
  5 centaur zombies
  2 bullfrog skeletons
  3 hounds
  Crazy Yiuf (D:5)
  2 centaur skeletons
  5 iguanas
  3 orc wizards
  A hound zombie (D:5)
  2 hound skeletons (D:5)
  3 mummies
  A howler monkey zombie (D:8)
  7 gnolls
  8 river rats (D:6)
  11 adders
  A shadow imp (D:6)
  3 white imps
  2 adder skeletons (D:4)
  2 worms (D:4)
  A dart slug (D:1)
  17 orcs
  8 endoplasms
  3 giant cockroaches (D:1)
  2 gnoll zombies (Ossuary)
  7 goblins
  4 hobgoblins
  2 jackals (D:1)
  9 quokkas
  6 ball pythons
  6 bats
  2 frilled lizards
  2 goblin zombies
  6 hobgoblin zombies (Ossuary)
  10 kobolds
  A kobold zombie (D:7)
  4 orc zombies (Ossuary)
  17 rats
234 creatures vanquished.

Vanquished Creatures (collateral kills)
  A howler monkey zombie (D:8)
1 creature vanquished.

Vanquished Creatures (others)
  A vampire (D:10)
  4 fungi (D:5)
5 creatures vanquished.

Grand Total: 240 creatures vanquished

Notes
Turn   | Place    | Note
-------+----------+-------------------------------------------
     0 | D:1      | blank1 the Hill Orc Fighter began the quest for the Orb.
     0 | D:1      | Reached XP level 1. HP: 19/19 MP: 1/1
    43 | D:1      | Reached skill level 3 in Axes
    43 | D:1      | Reached XP level 2. HP: 19/27 MP: 2/2
   330 | D:1      | Reached XP level 3. HP: 33/33 MP: 3/3
   834 | D:2      | Reached XP level 4. HP: 40/40 MP: 4/4
  1060 | D:2      | Found a faded altar of an unknown god.
  1440 | D:2      | Prayed at the altar of an unknown god.
  1440 | D:2      | Became a worshipper of Kikubaaqudgha
  1440 | D:2      | Reached * piety under Kikubaaqudgha
  1440 | D:2      | Received a gift from Kikubaaqudgha
  1619 | D:3      | Reached skill level 4 in Axes
  2353 | D:4      | Noticed a yak
  2353 | D:4      | Noticed a yak
  2355 | D:4      | Noticed a yak
  2376 | D:3      | Killed a yak
  2377 | D:3      | Reached skill level 5 in Axes
  2377 | D:3      | Reached skill level 1 in Dodging
  2377 | D:3      | Reached XP level 5. HP: 32/47 MP: 5/5
  2377 | D:3      | Reached XP level 6. HP: 36/53 MP: 6/6
  2407 | D:3      | Killed a yak
  2408 | D:3      | Reached skill level 5 in Fighting
  2410 | D:3      | Learned a level 1 spell: Animate Skeleton
  2423 | D:3      | Killed a yak
  2424 | D:3      | Reached XP level 7. HP: 36/61 MP: 7/7
  2515 | D:4      | Noticed Menkaure
  2524 | D:4      | Killed Menkaure
  2525 | D:4      | Reached skill level 6 in Axes
  2691 | D:4      | Reached skill level 1 in Spellcasting
  2786 | D:4      | Reached ** piety under Kikubaaqudgha
  2795 | D:4      | Reached skill level 7 in Axes
  2827 | D:4      | Identified the +2 dagger of Uthouh {vorpal, Will+ Str+5}
  2834 | D:4      | Reached XP level 8. HP: 25/70 MP: 9/9
  2912 | D:4      | Reached skill level 8 in Axes
  3177 | D:4      | Reached skill level 5 in Armour
  3447 | D:5      | Entered Level 5 of the Dungeon
  3489 | D:5      | Noticed Grinder
  3502 | D:5      | Killed Grinder
  3850 | D:5      | Found a staircase to the Ecumenical Temple.
  3876 | D:5      | Reached XP level 9. HP: 80/82 MP: 10/10
  4047 | D:5      | Noticed Pikel
  4082 | D:5      | Killed Pikel
  4118 | D:5      | Found a runed translucent door.
  4119 | D:5      | Noticed Crazy Yiuf
  4319 | D:5      | Killed Crazy Yiuf
  4396 | D:6      | Reached *** piety under Kikubaaqudgha
  4396 | D:6      | Received a gift from Kikubaaqudgha
  4403 | D:6      | Learned a level 3 spell: Vampiric Draining
  4550 | D:6      | Reached skill level 10 in Fighting
  4751 | D:6      | Reached skill level 9 in Axes
  4858 | D:6      | Reached **** piety under Kikubaaqudgha
  5147 | D:6      | Noticed Maggie
  5156 | D:6      | Killed Maggie
  5157 | D:6      | Reached skill level 10 in Axes
  5157 | D:6      | Reached skill level 1 in Evocations
  5358 | D:7      | Reached XP level 10. HP: 63/93 MP: 13/13
  5477 | D:7      | Found a sand-covered staircase.
  5483 | Ossuary  | Entered an ossuary
  5961 | D:7      | Noticed Prince Ribbit
  5976 | D:7      | Killed Prince Ribbit
  5986 | D:7      | Found a blossoming altar of Fedhas.
  6343 | D:8      | Noticed Psyche
  6358 | D:8      | Killed Psyche
  6430 | D:8      | Noticed Joseph
  6443 | D:8      | Killed Joseph
  6771 | D:9      | Found Xilisch's Distillery.
  6849 | D:9      | Reached skill level 5 in Shields
  7010 | D:9      | Reached skill level 5 in Dodging
  7509 | D:10     | Entered Level 10 of the Dungeon
  7629 | D:10     | Reached skill level 11 in Axes
  7634 | D:10     | Noticed a centaur warrior
  7644 | D:10     | Noticed Harold
  7655 | D:10     | Killed Harold
  7655 | D:10     | Reached ***** piety under Kikubaaqudgha
  7656 | D:10     | Reached XP level 11. HP: 92/102 MP: 14/14
  8360 | D:10     | Reached skill level 12 in Axes
  8519 | D:10     | Noticed a fire dragon
  8537 | D:10     | Killed a fire dragon
  8893 | D:11     | Noticed a death knight
  8916 | D:11     | Killed a death knight
  9110 | D:11     | Found a staircase to the Lair.
  9151 | D:11     | Reached skill level 13 in Axes
  9216 | D:11     | Found a staircase to the Orcish Mines.
  9234 | D:11     | Noticed an orc knight
  9272 | D:11     | Slain by an orc knight

Illustrated notes

Levels and vault maps discovered:
D:1:      amcnicky_arrival_feature_with_door, layout_loops_ring
D:2:      layout_basic, dreamdust_ecumenical_altar_angels_and_demons,
          hangedman_decor_opposing
D:3:      layout_basic
D:4:      layout_basic, minivault_11, uniq_menkaure
D:5:      layout_loops_ring, minmay_temple_entry_wispy,
          minmay_misc_feat_hallway, uniq_crazy_yiuf_cottage, uniq_pikel,
          uniq_grinder
D:6:      lemuel_ratsnest, layout_basic, uniq_maggie
D:7:      layout_gridville, mainiacjoe_overflow_small_starburst,
          nicolae_ossuary_entry_giza, uniq_prince_ribbit1
D:8:      layout_rooms, hex_large, uniq_joseph, uniq_psyche
D:9:      layout_irregular_city, serial_shops, nicolae_stop_n_shop_2
D:10:     dragon1_lemuel, layout_loops_corners, lightli_corner_chamber,
          uniq_harold
D:11:     layout_loops_corners, lair_entry_dummy, orc_david_3,
          gauntlet_entry_generic, corner_web_ring, kennysheep_generic_room_7,
          uniq_grum, uniq_erica

Skill      XL: |  1  2  3  4  5  6  7  8  9 10 11 |
---------------+----------------------------------+-----
Axes           | 3 5 7 8 10 11 13 | 13.0
Fighting       | 4 5 6 8 10 11 12 | 12.1
Armour         | 4 5 6 8 |  8.2
Shields        | 4 5 |  5.0
Necromancy     | 2 3 4 |  4.0
Dodging        | 1 2 3 5 |  5.0
Spellcasting   | 1 2 |  2.0
Evocations     | 1 2 |  2.0

Action                   |  1- 3 |  4- 6 |  7- 9 | 10-12 || total
-------------------------+-------+-------+-------+-------++-------
Melee: War axe           |    84 |    63 |   465 |       ||   612
       Broad axe         |       |       |     5 |   372 ||   377
 Cast: Animate Skeleton  |       |       |     1 |       ||     1
Invok: Receive Corpses   |       |       |       |     1 ||     1
       Torment           |       |       |       |     1 ||     1
  Use: Scroll            |       |       |    12 |     7 ||    19
       Potion            |       |       |       |     3 ||     3
Armor: Scale mail        |    39 |    28 |       |       ||    67
       Chain mail        |       |       |   236 |   235 ||   471
Dodge: Dodged            |    52 |    40 |   154 |   151 ||   397
Block: Buckler           |    18 |    10 |    95 |    79 ||   202

Table legend: (Time is in decaauts)
 A = Elapsed time spent in this place.
 B = Non-inter-level travel time spent in this place.
 C = Inter-level travel time spent in this place.
 D = Time resting spent in this place.
 E = Time spent auto-exploring this place.
 F = Levels seen in this place.
 G = Mean time per level.
                   A        B        C        D        E       F      G
               +--------+--------+--------+--------+--------+-----+--------+
         Total |   9382 |   8965 |    417 |    178 |   6225 |  12 |  781.8 |
       Dungeon |   9239 |   8822 |    417 |    178 |   6151 |  11 |  839.9 |
       Ossuary |    142 |    142 |      0 |      0 |     74 |   1 |  142.0 |
               +--------+--------+--------+--------+--------+-----+--------+

Top non-repeatable levels by time:
    D:10: 1272 daAuts
     D:4: 1050 daAuts
     D:3: 973 daAuts
     D:6: 955 daAuts
     D:5: 934 daAuts
     D:2: 910 daAuts
     D:9: 796 daAuts
     D:7: 775 daAuts
     D:1: 583 daAuts
     D:8: 556 daAuts
    D:11: 431 daAuts
 Ossuary: 142 daAuts
